 Dungeon Crawl Stone Soup version 0.28.0-45-g0d030f2227 (webtiles) character file.

Game seed: 5470155934563064536

62 Bruhh the Skirmisher (level 4, -1/50 HPs)
             Began as an Ogre Transmuter on Apr 22, 2022.
             Slain by a gnoll
             ... wielding a +0 halberd
              (5 damage)
             ... on level 2 of the Dungeon.
             The game lasted 00:03:42 (3242 turns).

Bruhh the Skirmisher (Ogre Transmuter)              Turns: 3242, Time: 00:03:42

Health: -1/50      AC:  3    Str: 14    XL:     4   Next: 8%
Magic:  3/7        EV:  9    Int: 16    God:
Gold:   112        SH:  0    Dex:  9    Spells: 4/7 levels left

rFire   . . .      SeeInvis .     - Unarmed
rCold   . . .      Faith    .   (no shield)
rNeg    . . .      Spirit   .   a - +0 robe
rPois   .          Reflect  .   (helmet currently unavailable)
rElec   .          Harm     .   (no cloak)
rCorr   .          Rampage  .   (gloves unavailable)
Will    .....                   (boots unavailable)
Stlth   +.........              (no amulet)
HPRegen 0.16/turn               (no ring)
MPRegen 0.10/turn               (no ring)

@: appendages (expiring), wereblooded
A: horns 2, talons 2, large, unfitting armour, tough skin 1
a: End Transformation


You were on level 2 of the Dungeon.
You had temporarily grown beastly horns and talons.
You visited 1 branch of the dungeon, and saw 2 of its levels.

You collected 112 gold pieces.

Inventory:

Armour
 a - a +0 robe (worn)
 d - a +0 pair of boots
Scrolls
 b - a scroll of amnesia {unknown}
 e - 2 scrolls of identify {unknown}
 f - a scroll of enchant armour {unknown}
 g - a scroll of teleportation {unknown}


   Skills:
 * Level 5.1 Fighting
 - Level 1.7 Dodging
 - Level 2.6 Unarmed Combat
 - Level 2.4 Spellcasting
 - Level 1.7 Transmutations


You had 4 spell levels left.
You knew the following spells:

 Your Spells              Type           Power      Damage    Failure   Level
a - Beastly Appendage     Tmut           14%        N/A       10%         1
b - Wereblood             Tmut           7%         N/A       14%         2

Your spell library contained the following spells:

 Spells                   Type           Power      Damage    Failure   Level
 Spider Form              Tmut/Pois      4%         N/A       38%         3
 Ice Form                 Ice/Tmut       4%         N/A       80%         4


Dungeon Overview and Level Annotations

Branches:
Dungeon (2/15)

Altars:
Gozag


Innate Abilities, Weirdness & Mutations

You have temporarily grown beastly horns and talons.
You are too large for most types of armour.
You have tough skin. (AC +1)


Message History

No target in view!
Memorise Wereblood, consuming 2 spell levels and leaving 4?
You start memorising the spell.
You continue memorising. x2
You finish memorising.
Spell assigned to 'b'.
There's nothing to open nearby.
There's nothing to open nearby.
No target in view! 2 gnolls come into view.
The gnoll shouts! x2
There are monsters nearby!
There are monsters nearby!
You extend your transformation's duration.
No target in view!
Casting: Beastly Appendage (safe; 10% risk of failure)
Confirm with . or Enter, or press ? or * to list all spells.
You miscast Wereblood.
You are very lightly contaminated with residual magic.
Nothing appears to happen.
The gnoll hits you from afar with a +0 spear!
Casting: Wereblood (safe; 14% risk of failure)
Confirm with . or Enter, or press ? or * to list all spells.
Your blood is infused with primal strength.
The gnoll hits you from afar with a +0 spear.
Your transformation is almost over.
The gnoll misses you. The gnoll hits you with a +0 spear.
You closely miss the gnoll. You claw the gnoll, but do no damage.
The gnoll barely misses you. The gnoll hits you with a +0 halberd!
The gnoll closely misses you.
You hit the gnoll. Your kick misses the gnoll.
The gnoll is moderately wounded.
The gnoll hits you with a +0 halberd. The gnoll hits you with a +0 spear.
You completely miss the gnoll. Your kick misses the gnoll.
The gnoll is moderately wounded.
The gnoll hits you with a +0 halberd!
* * * LOW HITPOINT WARNING * * *
The gnoll hits you with a +0 spear.
* * * LOW HITPOINT WARNING * * *
Your magical contamination has completely faded away.
Found a stone staircase leading up.
The gnoll hits you with a +0 halberd.
You die...

#.########......[
#.#..............
#.#.#######......
#.#.#............
#.#.#.####.......
#.######.#.#.##.........
........g#.#.##.#.#.....
......g..#.#.##.#.#.....
......#@#..#....#.####.#
..#.....#.#######.# #.#
<.......#.........# #.#
#.#.##..########### #.#
# # .... #.. #.#.#
#....... ..#.. #.######
###### # #


You could see 2 gnolls.

Vanquished Creatures
  2 adders
  2 worms (D:2)
  4 endoplasms
  2 giant cockroaches (D:1)
  6 goblins
  5 hobgoblins
  3 quokkas
  2 ball pythons
  2 bats
  3 frilled lizards
  5 rats
36 creatures vanquished.

Notes
Turn   | Place    | Note
-------+----------+-------------------------------------------
     0 | D:1      | Bruhh the Ogre Transmuter began the quest for the Orb.
     0 | D:1      | Reached XP level 1. HP: 19/19 MP: 3/3
   162 | D:1      | Reached skill level 2 in Fighting
   174 | D:1      | Reached XP level 2. HP: 21/29 MP: 5/5
   316 | D:1      | Reached skill level 3 in Fighting
  1006 | D:1      | Found a faded altar of an unknown god.
  1051 | D:1      | Reached XP level 3. HP: 29/39 MP: 4/6
  1267 | D:1      | Reached skill level 4 in Fighting
  2007 | D:2      | HP: 2/41 [poisoned by an adder]
  2926 | D:2      | Reached skill level 5 in Fighting
  2926 | D:2      | Reached XP level 4. HP: 45/50 MP: 5/7
  3020 | D:2      | Found an opulent altar of Gozag.
  3229 | D:2      | Learned a level 2 spell: Wereblood
  3242 | D:2      | Slain by a gnoll

Illustrated notes

Levels and vault maps discovered:
D:1:      dpeg_arrival_ternary, layout_basic,
          shapermc_ecumenical_altar_starsandcircs, minmay_tetromino_o4
D:2:      layout_basic, basic_altar, dk_noncrumbling_3, fountainhead

Skill      XL: |  1  2  3 |
---------------+----------+-----
Fighting       | 2 3 5 |  5.1
Dodging        | |  1.7
Unarmed Combat | |  2.6
Spellcasting   | |  2.4
Transmutations | |  1.7

Action                   |  1- 3 |  4- 6 || total
-------------------------+-------+-------++-------
Melee: Unarmed           |   127 |    11 ||   138
       Headbutt          |    14 |       ||    14
       Kick              |    17 |     3 ||    20
       Punch             |     2 |       ||     2
 Cast: Beastly Appendage |    29 |     4 ||    33
       Wereblood         |       |     1 ||     1
  Use: Potion            |     1 |       ||     1
Armor: Robe              |    31 |     2 ||    33
Dodge: Dodged            |    51 |     7 ||    58
